Map: Abyssal Reef LE

Players

Zerghamdi - Winner!

  • Race: Zerg Zerg
  • League: Grandmaster
  • Spawn Location: 5:00

Stephano

  • Race: Zerg Zerg
  • League: Grandmaster
  • Spawn Location: 11:00

Event: WESG Barcelona European Finals 2017

VOD

Have the link to the VOD?

Description

Time

  • Played on: Nov. 23, 2017, 9:44 a.m.
  • Length: 5:18

All games in this series

Show
View Real Time Build Order
Export as new Build Order

Zerghamdi Zerg - Winner!

Build Orders: Pool First 

Get SALT Encoding   

  12  0:18  Spawning Pool  
  11  0:21  Drone  
  11  0:26  Drone  
  13  0:32  Drone  
  14  0:41  Overlord  
  14  1:05  Zergling x6  
  14  1:07  Extractor  
  16  1:16  Zergling x2  
  17  1:22  Hatchery  
  16  1:27  Zergling x2  
  17  1:38  Zergling x2  
  18  1:48  Queen  
  20  1:54  Zergling x2  
  21  2:11  Metabolic Boost  
  21  2:16  Overlord  
  21  2:24  Zergling x2  
  21  2:29  Overlord  
  22  2:35  Zergling x2  
  23  2:38  Zergling x2  
  22  2:44  Zergling x2  
  22  2:49  Zergling x2  
  24  2:52  Zergling x2  
  24  2:57  Zergling x2  
  22  3:01  Zergling x2  
  23  3:05  Zergling x2  
  23  3:08  Zergling x2  
  23  3:12  Zergling x2  
  25  3:18  Zergling x2  
  26  3:22  Zergling x2  
  26  3:25  Zergling x2  
  28  3:30  Zergling x2  
  29  3:34  Zergling x2  
  29  3:39  Zergling x2  
  31  3:46  Zergling x2  
  31  3:49  Zergling x2  
  31  3:52  Zergling x2  
  31  3:57  Zergling x2  
  31  4:01  Zergling x2  
  27  4:05  Zergling x2  
  27  4:09  Zergling x2  
  27  4:14  Zergling x2  
  28  4:18  Zergling x2  
  28  4:24  Zergling x2  
  26  4:27  Zergling x2  
  24  4:33  Zergling x2  
  24  4:38  Zergling x2  
  24  4:43  Zergling x2  
  25  4:48  Zergling x2  
  26  4:55  Zergling x2  
  26  4:59  Zergling x2  
Show
View Real Time Build Order
Export as new Build Order

Stephano Zerg 

Build Orders: Hatch First 

Get SALT Encoding   

  12  0:00  Drone  
  13  0:12  Overlord  
  13  0:17  Drone  
  14  0:31  Drone x2  
  14  0:35  Drone  
  17  0:52  Hatchery  
  17  0:54  Drone  
  17  0:58  Drone  
  18  1:10  Extractor  
  17  1:13  Spawning Pool  
  17  1:16  Drone  
  17  1:19  Drone  
  18  1:29  Drone  
  19  2:01  Zergling x6  
  22  2:04  Queen x2  
  26  2:13  Zergling x2  
  27  2:26  Zergling x2  
  28  2:44  Drone x2  
  28  2:47  Overlord  
  26  2:58  Drone x2  
  25  3:02  Overlord  
  25  3:09  Metabolic Boost  
  25  3:16  Zergling x6  
  25  3:17  Drone  
  25  3:18  Drone x3  
  32  3:22  Drone  
  32  3:24  Drone  
  34  3:32  Baneling Nest  
  33  3:35  Zergling x2  
  33  3:37  Zergling x2  
  33  3:39  Zergling x2  
  36  3:42  Zergling x2  
  36  3:44  Zergling x2  
  38  3:49  Zergling x2  
  38  3:55  Zergling x2  
  32  4:00  Zergling x2  
  23  4:04  Zergling x2  
  18  4:11  Zergling x2  
  17  4:19  Baneling  
  12  4:35  Baneling x2  
  9  4:42  Drone  
  10  4:51  Drone  
  11  4:58  Baneling  
Tags
 
Add a new tag
Caveats
  • Supply blocks, unpowered buildings, or Contaminate may cause inaccurate times.
  • Supply counts are checked every 10 seconds.